 Dungeon Crawl Stone Soup version 0.16.1-11-g651b585 (webtiles) character file.

359 Siriah the Ruffian (level 6, -2/48 HPs)
             Began as a Draconian Transmuter on Apr 3, 2015.
             Was an Initiate of Dithmenos.
             Slain by a sky beast (5 damage)
             ... on level 6 of the Dungeon.
             The game lasted 00:12:50 (3639 turns).

Siriah the Ruffian (Draconian Transmuter)           Turns: 3639, Time: 00:12:51

Health: -2/48      AC:  8    Str: 13    XL:     6   Next: 37%
Magic:  8/13       EV: 13    Int: 14    God:    Dithmenos [......]
Gold:   163        SH:  0    Dex: 12    Spells: 3 memorised, 5 levels left

rFire  . . .     SeeInvis .     v - 8 arrows (poison)
rCold  . . .     Clarity  .     (armour unavailable)
rNeg   . . .     SustAb   .     (no shield)
rPois  .         Gourm    +     y - +1 hat
rElec  .         Spirit   .     (no cloak)
rCorr  .         Warding  .     (no gloves)
rMut   .         Stasis   .     e - +0 pair of boots
MR     .....                    u - amulet of the gourmand
Stlth  +.........               (no ring)
                                (no ring)

@: not resistant to hostile enchantments, very unstealthy
A: unfitting armour, cold-blooded, AC +6
a: Renounce Religion


You were on level 6 of the Dungeon.
You worshipped Dithmenos.
Dithmenos was noncommittal.
You were very full.

You visited 2 branches of the dungeon, and saw 7 of its levels.

You collected 163 gold pieces.

Inventory:

Missiles
 b - 118 arrows
 v - 8 poisoned arrows (in hand)
Armour
 e - a +0 pair of boots (worn)
 y - a +1 hat (worn)
Jewellery
 f - an uncursed amulet of guardian spirit
 u - an amulet of the gourmand (around neck)
Scrolls
 g - 5 scrolls of identify {unknown}
 j - 2 scrolls of noise {unknown}
 k - a scroll of enchant weapon {unknown}
 n - 4 scrolls of magic mapping {unknown}
 o - a scroll of remove curse {unknown}
 p - 2 scrolls of amnesia {unknown}
 r - 4 scrolls of teleportation {unknown}
 s - a scroll of recharging {unknown}
 x - a scroll of enchant armour {unknown}
 B - a scroll of random uselessness {unknown}
 C - a scroll of blinking {unknown}
Potions
 c - 2 potions of flight {unknown}
 h - a potion of might {unknown}
 i - a potion of haste {unknown}
 m - 4 potions of curing
 q - 2 potions of invisibility {unknown}
 w - a potion of resistance {unknown}
 z - 2 potions of berserk rage {unknown}
Books
 d - a book of Changes

   Spells                             Type                      Level
   a - Beastly Appendage              Transmutation                1
   b - Sticks to Snakes               Transmutation                2
   c - Spider Form                    Transmutation/Poison         3
   d - Ice Form                       Ice/Transmutation            4
   e - Blade Hands                    Transmutation                5
Comestibles
 a - a bread ration
 l - 3 meat rations
 t - a slice of pizza
 A - 5 chunks of flesh


   Skills:
 + Level 2.0 Fighting
 + Level 3.5 Dodging
 + Level 0.2 Stealth
 + Level 4.4 Unarmed Combat
 + Level 3.4 Spellcasting
 + Level 3.3 Transmutations


You had 5 spell levels left.
You knew the following spells:

 Your Spells              Type           Power        Failure   Level  Hunger
a - Beastly Appendage     Trmt           ##....       6%          1    #......
b - Sticks to Snakes      Trmt           ##........   10%         2    ##.....
c - Spider Form           Trmt/Pois      #.........   30%         3    ###....


Dungeon Overview and Level Annotations

Branches:
Dungeon (6/15)             Temple (1/1) D:5

Altars:
Cheibriados
Dithmenos
Elyvilon
Fedhas
Gozag
Kikubaaqudgha
Makhleb
Okawaru
Qazlal
Ru
Trog
Vehumet
Yredelemnul
Zin
The Shining One

Annotations:
D:5 Grinder


Innate Abilities, Weirdness & Mutations

Your plain brown scales are hard (AC +6).
Your body does not fit into most forms of armour.
Your cold-blooded metabolism reacts poorly to cold.


Message History

There is an open door here.
The ball python zombie bites you but does no damage.
The ball python zombie grabs you. The ball python zombie constricts you.
The hobgoblin closely misses you.
You escape the ball python zombie's grasp.
The hobgoblin hits you but does no damage.
The ball python zombie barely misses you. x2
You open the door. The iguana misses you. The hobgoblin closely misses you.
There is an open door here.
Drink which item? (? for menu, Esc to quit)
It was a potion of curing.
You feel better. The iguana closely misses you.
There is a stone staircase leading down here.
The iguana bites you.
* * * LOW HITPOINT WARNING * * *
You climb downwards.
The adder bites you.
* * * LOW HITPOINT WARNING * * *
The sky beast hits you.
* * * LOW HITPOINT WARNING * * *
The sky beast shocks you.
You die...

#.....#.......
#.....#.....#
#.....#.....##+##
.....$.#.........#
##............# .
#....#........# ...
#..Y.#...##...#
.....#....#...##...+
.........##...Y@S..#
...........%..l.........
........<.......)##....
###....................
#...............<.. .
#..................
#......(..........#
#####......)......
#######..$.


You could see a sky beast, an iguana and an adder.

Vanquished Creatures
  Eustachio (D:4)
  A worker ant (D:5)
  6 adders
  A worm (D:2)
  An adder skeleton (D:4)
  3 giant geckos (D:3)
  9 orcs
  A ball python (D:2)
  11 bats
  5 giant cockroaches
  11 hobgoblins
  4 kobolds
  A quokka (D:3)
  7 giant newts
  6 goblins
  9 jackals
  10 rats
87 creatures vanquished.

Vanquished Creatures (collateral kills)
  A scorpion (D:4)
  An adder (D:3)
  A goblin (D:3)
  A hobgoblin (D:4)
  A rat (D:3)
5 creatures vanquished.

Grand Total: 92 creatures vanquished

Notes
Turn   | Place    | Note
--------------------------------------------------------------
     0 | D:1      | Siriah, the Draconian Transmuter, began the quest for the Orb.
     0 | D:1      | Reached XP level 1. HP: 16/16 MP: 3/3
   171 | D:1      | Reached XP level 2. HP: 23/23 MP: 1/4
   218 | D:1      | Learned a level 2 spell: Sticks to Snakes
   812 | D:2      | Reached XP level 3. HP: 20/28 MP: 1/6
  1213 | D:2      | Reached XP level 4. HP: 32/35 MP: 6/8
  2259 | D:3      | Found a white marble altar of Elyvilon.
  2381 | D:3      | Reached skill level 4 in Unarmed Combat
  2725 | D:4      | Reached XP level 5. HP: 39/41 MP: 2/10
  2881 | D:4      | Found a shadowy altar of Dithmenos.
  2904 | D:4      | Became a worshipper of Dithmenos the Shadowed
  3158 | D:4      | Noticed Eustachio
  3165 | D:4      | Learned a level 3 spell: Spider Form
  3195 | D:4      | Killed Eustachio
  3195 | D:4      | Reached XP level 6. HP: 26/48 MP: 9/13
  3276 | D:5      | Entered Level 5 of the Dungeon
  3309 | D:5      | Found a staircase to the Ecumenical Temple.
  3319 | Temple   | Entered the Ecumenical Temple
  3547 | D:5      | Noticed Grinder
  3560 | D:5      | Paralysed by Grinder for 5 turns
  3596 | D:5      | HP: 1/48 [Grinder/wand of flame (8)]
  3639 | D:6      | Slain by a sky beast

Action                   |  1- 3 |  4- 6 || total
-------------------------+-------+-------++-------
Melee: Unarmed           |   177 |   191 ||   368
 Cast: Beastly Appendage |    28 |    26 ||    54
       Sticks to Snakes  |     1 |    10 ||    11
       Spider Form       |       |     2 ||     2
  Use: Potion            |       |     1 ||     1
 Stab: Sleeping          |     2 |       ||     2
  Eat: Chunk             |     2 |    17 ||    19
